 Seeded DCSS version 0.28-a0-2-g643f2454ad (webtiles) character file.

Game seed: 20210721 (custom seed)

8346 muata the Severer (level 11, -9/92 HPs)
             Began as a Minotaur Berserker on July 22, 2021.
             Was a High Priest of Trog.
             Shot with a sling bullet by Joseph (17 damage)
             ... on level 10 of the Dungeon.
             The game lasted 00:35:31 (13311 turns).

muata the Severer (Minotaur Berserker)             Turns: 13311, Time: 00:35:31

Health: -9/92      AC: 16    Str: 26      XL:     11   Next: 8%
Magic:  10/10      EV: 11    Int:  4      God:    Trog [*****.]
Gold:   549        SH:  0    Dex:  8 (9)  Spells: 10/10 levels left

rFire   . . .      SeeInvis .   v - +0 war axe
rCold   . . .      Faith    .   (no shield)
rNeg    . . .      Spirit   .   E - +4 ring mail
rPois   .          Reflect  .   (helmet restricted)
rElec   .          Harm     .   I - +2 cloak {Will+}
rCorr   .          Rampage  .   b - +0 pair of gloves
Will    ++...                   k - +0 pair of boots
Stlth   ..........              (no amulet)
HPRegen 0.25/turn               (no ring)
MPRegen 0.12/turn               (no ring)

@: on berserk cooldown, hasted and slowed
A: horns 2, retaliatory headbutt, deterioration 1, strong-willed 1
a: Renounce Religion, Berserk, Trog's Hand, Brothers in Arms


You were on level 10 of the Dungeon.
You worshipped Trog.
Trog was extremely pleased with you.
You visited 1 branch of the dungeon, and saw 10 of its levels.
You also visited: Sewer and Ossuary.

You collected 549 gold pieces.

Inventory:

Hand Weapons
 v - a +0 war axe (weapon)
Missiles
 G - 4 throwing nets (quivered)
 L - a curare-tipped dart
Armour
 a - +0 steam dragon scales
 b - a +0 pair of gloves (worn)
 k - a +0 pair of boots (worn)
 r - a +0 chain mail
 E - a +4 ring mail (worn)
 I - a +2 cloak of willpower (worn)
 M - a +0 plate armour
Jewellery
 e - an amulet of the acrobat
 l - an amulet of faith
 n - a ring of protection from fire
 D - an amulet of reflection
 K - a ring of wizardry
Wands
 F - a wand of polymorph (6)
 H - a wand of flame (24)
Scrolls
 f - 4 scrolls of fog
 g - a scroll of summoning {unknown}
 i - 4 scrolls of immolation
 j - 6 scrolls of enchant weapon
 m - 2 scrolls of holy word {unknown}
 p - 5 scrolls of teleportation
 q - 2 scrolls of magic mapping {unknown}
 s - 2 scrolls of brand weapon {unknown}
 u - 2 scrolls of enchant armour {unknown}
 w - 2 scrolls of amnesia {unknown}
 x - a scroll of blinking {unknown}
 y - a scroll of fear {unknown}
 C - a scroll of acquirement {unknown}
Potions
 c - a potion of brilliance
 d - 2 potions of ambrosia {unknown}
 h - 4 potions of haste
 o - a potion of berserk rage {unknown}
 t - 2 potions of degeneration {unknown}
 z - 4 potions of curing {unknown}
 A - 4 potions of might {unknown}
 B - a potion of magic {unknown}
 J - a potion of flight


   Skills:
 + Level 7.2 Fighting
 - Level 17.2 Axes
 + Level 7.4 Armour
 - Level 2.1 Dodging


You had 10 spell levels left.
You didn't know any spells.
Your spell library was empty.

Dungeon Overview and Level Annotations

Branches:
Dungeon (10/15)            Temple (0/1) D:4           Sewer (visited)
Ossuary (visited)
   Lair: D:8-11         Orc: D:9-12

Altars:
Cheibriados
Dithmenos
Gozag
Hepliaklqana
Okawaru
Trog
The Shining One

Shops:
D:5 =   D:9 (

Annotations:
D:10 Joseph


Innate Abilities, Weirdness & Mutations

You have a pair of horns on your head.
You reflexively headbutt those who attack you in melee.
Your body sometimes deteriorates upon taking damage.
You are strong-willed. (Will+)


Message History

The cyan ugly thing kicks you! The cyan ugly thing shocks you!
You slash the cyan ugly thing!
Your headbutt misses the cyan ugly thing.
The cyan ugly thing is almost dead.
You slash the cyan ugly thing!
You kill the cyan ugly thing!
Trog accepts your kill.
Your Fighting skill increases to level 7!
K - a ring of wizardry You see here an ugly thing corpse.
You feel a strong urge to attack something.
The door flies open with a bang!
You hear a bellow!
You hear a shout!
Joseph, a Mercenary comes into view.
He is wielding a +0 quarterstaff.
Found a scroll of enchant weapon.
You feel your anger nearly subside.
You are no longer berserk.
You are exhausted.
You feel yourself slow down.
There is an open door here.
Joseph unwields a +0 quarterstaff.
Joseph wields a +0 hunting sling.
Joseph shoots a sling bullet.
The sling bullet barely misses you.
Joseph sighs, "Being a guard is usually so boring..."
Joseph shoots a sling bullet.
The sling bullet hits you!!
* * * LOW HITPOINT WARNING * * *
There is an open door, spattered with blood here.
Joseph shoots a sling bullet.
The sling bullet hits you but does no damage.
Joseph shoots a sling bullet.
The sling bullet hits you.
* * * LOW HITPOINT WARNING * * *
You fail to use your ability.
Your two-headed ogre goes berserk!
You feel yourself speed up.
Joseph shoots a sling bullet.
The sling bullet closely misses you.
Joseph shoots a sling bullet.
The sling bullet hits you!
* * * LOW HITPOINT WARNING * * *
Your two-headed ogre hits Joseph with a +0 giant spiked club.
Your two-headed ogre hits Joseph with a +0 giant spiked club!
Your two-headed ogre hits Joseph with a +0 giant spiked club!
Your two-headed ogre misses Joseph.
Joseph shoots a sling bullet.
The sling bullet hits you!
You die...

#......# #......#
#......# #......#
#......# #......# #
#....# ###
#.####†##############.#
#.<...O..@............#
####.#@##############.#
#.......# #.# #.......#
#.# #.......... #.#
#.......... #.####
#.#+##?@... #.#... #.
..... #.'... #. .....
###...


You could see Joseph (ally target) and a friendly two-headed ogre (summoned,
berserk).

Vanquished Creatures
  Harold (D:8)
  Pikel (D:5)
  A deep elf pyromancer (D:9)
  An ugly thing (D:10)
  A gargoyle (D:6)
  Psyche (D:9)
  Grinder (D:6)
  A troll (D:10)
  2 hornets
  A wyvern (D:7)
  Eustachio (D:6)
  2 steam dragons
  3 sky beasts (D:5)
  2 ice beasts
  4 orc warriors
  2 black bears
  5 centaurs
  3 lemures (D:5)
  A phantom (D:6)
  A kobold brigand (D:9)
  3 bullfrogs
  2 gnoll sergeants
  A scorpion (D:5)
  2 water moccasin skeletons
  13 wights
  A vampire bat (D:5)
  5 centaur zombies
  2 hounds (D:4)
  A bullfrog skeleton (D:5)
  Crazy Yiuf (D:7)
  A gnoll shaman (D:7)
  6 orc priests
  4 iguanas
  A scorpion zombie (D:5)
  5 orc wizards
  3 mummies
  A howler monkey zombie (D:7)
  19 gnolls
  8 adders
  A shadow imp (D:5)
  2 white imps (D:5)
  An ufetubus (D:6)
  An adder zombie (Ossuary)
  3 worms
  6 dart slugs
  3 fire bats (D:5)
  26 orcs
  2 spectral bats (D:5)
  10 bats
  3 bat skeletons (D:5)
  A bat zombie (D:5)
  9 endoplasms
  20 giant cockroaches
  13 goblins
  4 hobgoblins
  8 jackals
  17 quokkas
  15 ball pythons
  A bat simulacrum (D:5)
  9 frilled lizards
  2 goblin zombies (Ossuary)
  12 hobgoblin zombies (Ossuary)
  A jackal zombie (Ossuary)
  8 kobolds
  9 kobold zombies (Ossuary)
  7 orc zombies (Ossuary)
  5 rats
  A rat zombie (Ossuary)
314 creatures vanquished.

Vanquished Creatures (collateral kills)
  A two-headed ogre (D:8)
  An orc (D:8)
2 creatures vanquished.

Vanquished Creatures (others)
  3 plants (D:2)
3 creatures vanquished.

Grand Total: 319 creatures vanquished

Notes
Turn   | Place    | Note
-------+----------+-------------------------------------------
     0 | D:1      | muata the Minotaur Berserker began the quest for the Orb.
     0 | D:1      | Reached XP level 1. HP: 19/19 MP: 0/0
   210 | D:1      | Found a faded altar of an unknown god.
   304 | D:1      | Reached XP level 2. HP: 24/27 MP: 1/1
   459 | D:1      | Reached skill level 4 in Axes
  1121 | D:2      | Reached XP level 3. HP: 33/33 MP: 2/2
  1312 | D:2      | Reached ** piety under Trog
  1799 | D:3      | Reached XP level 4. HP: 41/41 MP: 3/3
  2627 | D:3      | Reached skill level 5 in Axes
  2741 | D:4      | Reached XP level 5. HP: 45/47 MP: 4/4
  2745 | D:4      | Reached skill level 5 in Fighting
  2958 | D:4      | Found a glowing drain.
  2961 | D:4      | Reached *** piety under Trog
  2974 | Sewer    | Entered a sewer
  3131 | Sewer    | Reached XP level 6. HP: 55/56 MP: 5/5
  3178 | Sewer    | Reached **** piety under Trog
  3211 | Sewer    | Reached skill level 5 in Armour
  3225 | Sewer    | Reached skill level 6 in Axes
  3695 | D:4      | Found a staircase to the Ecumenical Temple.
  3819 | D:4      | Gained mutation: Your body sometimes deteriorates upon
                  | taking damage. [potion of mutation]
  3819 | D:4      | Gained mutation: You are strong-willed. (Will+) [potion of
                  | mutation]
  4173 | D:4      | Reached XP level 7. HP: 56/61 MP: 6/6
  4181 | D:4      | Reached skill level 7 in Axes
  4390 | D:4      | Found a bloodstained altar of Trog.
  4390 | D:4      | Found a hazy altar of Hepliaklqana.
  4622 | D:5      | Entered Level 5 of the Dungeon
  4630 | D:5      | Reached skill level 8 in Axes
  4947 | D:5      | Reached skill level 9 in Axes
  5008 | D:5      | Found an iron altar of Okawaru.
  5083 | D:5      | Reached XP level 8. HP: 33/69 MP: 7/7
  5356 | D:5      | Reached skill level 10 in Axes
  5483 | D:5      | Found a shadowy altar of Dithmenos.
  5498 | D:5      | Noticed Pikel
  5512 | D:5      | Killed Pikel
  5513 | D:5      | Reached skill level 11 in Axes
  5960 | D:5      | Reached skill level 12 in Axes
  6059 | D:5      | Found Hugotsop's Jewellery Shop.
  6432 | D:6      | Reached XP level 9. HP: 64/74 MP: 8/8
  6481 | D:6      | Noticed Grinder
  6490 | D:6      | Killed Grinder
  6502 | D:6      | Reached skill level 13 in Axes
  6504 | D:6      | Noticed Eustachio
  6530 | D:6      | Killed Eustachio
  6769 | D:6      | Found a sand-covered staircase.
  6777 | Ossuary  | Entered an ossuary
  6830 | Ossuary  | Reached ***** piety under Trog
  7146 | D:6      | Reached skill level 14 in Axes
  7204 | D:6      | Noticed a gargoyle
  7209 | D:6      | Killed a gargoyle
  7212 | D:6      | Found a snail-covered altar of Cheibriados.
  7471 | D:7      | Found a glowing golden altar of the Shining One.
  7588 | D:7      | Paralysed by a hornet for 3 turns
  8061 | D:7      | Reached skill level 15 in Axes
  8231 | D:7      | Found a runed translucent door.
  8232 | D:7      | Noticed Crazy Yiuf
  8670 | D:7      | Killed Crazy Yiuf
  8920 | D:8      | Reached XP level 10. HP: 79/81 MP: 9/9
  9427 | D:8      | Noticed Harold
  9443 | D:8      | Killed Harold
  9444 | D:8      | Reached skill level 16 in Axes
  9464 | D:8      | Noticed a two-headed ogre
  9476 | D:8      | Killed a two-headed ogre
  9885 | D:8      | Found an opulent altar of Gozag.
 10241 | D:9      | Noticed a deep elf pyromancer
 10247 | D:9      | Received a gift from Trog
 11531 | D:9      | Killed a deep elf pyromancer
 11532 | D:9      | Reached skill level 17 in Axes
 11803 | D:9      | Noticed Psyche
 11814 | D:9      | Killed Psyche
 12363 | D:9      | Found Nempaupa's Antique Weapon Emporium.
 12407 | D:9      | Paralysed by a hornet for 1 turns
 12411 | D:9      | Reached XP level 11. HP: 87/91 MP: 10/10
 13118 | D:10     | Entered Level 10 of the Dungeon
 13287 | D:10     | Noticed a cyan ugly thing
 13297 | D:10     | Killed a cyan ugly thing
 13301 | D:10     | Noticed Joseph
 13311 | D:10     | Shot with a sling bullet by Joseph

Illustrated notes

Levels and vault maps discovered:
D:1:      dpeg_arrival_rooms_c, layout_basic, hellmonk_ecumenical_altar_run_dry,
          hangedman_feature_mirror
D:2:      minmay_spotlight, layout_rooms, serial_forest,
          infiniplex_forest_lined_3, infiniplex_forest_clump_tiny,
          infiniplex_forest_clump_double, infiniplex_forest_clump_small,
          infiniplex_forest_diagonal, infiniplex_forest_lined_room_,
          minmay_goblin_kobold_house
D:3:      layout_basic, nicolae_underground_beach
D:4:      layout_loops_ring, gammafunk_temple_overflow_statue,
          minmay_temple_entry_from_below_a, portal_sewer_entry_f,
          chequers_serial_rivers_small_b
D:5:      layout_basic, okawaru_metal_pillars_1_2,
          nicolae_dithmenos_the_darkroom, serial_shops,
          nicolae_shop_behind_doors, minmay_misc_feat_secret_circle,
          serial_bayou_pond_d, goddamned_bats, uniq_pikel
D:6:      layout_cave_pools, marbit_many_paths, gup_ossuary_entry_pyramid,
          st_stairs_6, minmay_misc_feat_encased, uniq_eustachio, uniq_grinder
D:7:      layout_basic, mainiacjoe_overflow_alcove_2, uniq_crazy_yiuf_cottage
D:8:      layout_loops_ring, mainiacjoe_overflow_alcove_4, uniq_harold
D:9:      layout_roguey, serial_shops, nicolae_lakefront_shop, minivault_1,
          uniq_psyche
D:10:     wad_arrow_thing, layout_basic, biasface_ghost_orc_armoury,
          lightli_fourway_metalbox, uniq_joseph

Skill      XL: |  1  2  3  4  5  6  7  8  9 10 11 |
---------------+----------------------------------+-----
Axes           | 4 5 6 9 12 15 17 | 17.2
Fighting       | 4 5 6 7 |  7.2
Armour         | 3 4 5 6 7 |  7.4
Dodging        | |  2.1

Action                   |  1- 3 |  4- 6 |  7- 9 | 10-12 || total
-------------------------+-------+-------+-------+-------++-------
Melee: Hand axe          |    96 |    28 |       |       ||   124
       Headbutt          |    19 |    24 |    61 |    37 ||   141
       War axe           |       |   180 |   295 |   187 ||   662
Invok: Berserk           |       |       |     4 |     4 ||     8
       Trog's Hand       |       |       |     1 |     1 ||     2
       Brothers in Arms  |       |       |       |     2 ||     2
  Use: Potion            |       |     5 |       |     1 ||     6
       Scroll            |       |       |     5 |     1 ||     6
 Stab: Invisible         |       |       |       |     2 ||     2
Armor: Animal skin       |     6 |       |       |       ||     6
       Ring mail         |    14 |       |       |    48 ||    62
       Chain mail        |       |   118 |   157 |    39 ||   314
Dodge: Dodged            |    90 |   147 |   204 |    93 ||   534

Table legend: (Time is in decaauts)
 A = Elapsed time spent in this place.
 B = Non-inter-level travel time spent in this place.
 C = Inter-level travel time spent in this place.
 D = Time resting spent in this place.
 E = Time spent auto-exploring this place.
 F = Levels seen in this place.
 G = Mean time per level.
                   A        B        C        D        E       F      G
               +--------+--------+--------+--------+--------+-----+--------+
         Total |  13456 |  11364 |   2092 |   2217 |   6493 |  12 | 1121.3 |
       Dungeon |  12588 |  10496 |   2092 |   2217 |   6110 |  10 | 1258.8 |
         Sewer |    568 |    568 |      0 |      0 |    222 |   1 |  568.0 |
       Ossuary |    299 |    299 |      0 |      0 |    160 |   1 |  299.0 |
               +--------+--------+--------+--------+--------+-----+--------+

Top non-repeatable levels by time:
     D:5: 1962 daAuts
     D:7: 1852 daAuts
     D:8: 1797 daAuts
     D:4: 1735 daAuts
     D:9: 1175 daAuts
     D:3: 1145 daAuts
     D:1: 1024 daAuts
     D:6: 959 daAuts
     D:2: 746 daAuts
   Sewer: 568 daAuts
 Ossuary: 299 daAuts
    D:10: 189 daAuts
